Map: King's Cove LE

Players

TiPtOP

  • Race: Terran Terran
  • League: Silver
  • Spawn Location: 5:00

dragonbreath - Winner!

  • Race: Protoss Protoss
  • League: Silver
  • Spawn Location: 11:00

VOD

Have the link to the VOD?

Description

Time

  • Played on: Aug. 13, 2019, 8:49 a.m.
  • Length: 17:48
Show
View Real Time Build Order
Export as new Build Order

TiPtOP Terran 

Build Orders:  

Get SALT Encoding   

  12  0:00  SCV  
  13  0:13  SCV  
  14  0:19  Supply Depot  
  14  0:25  SCV  
  15  0:41  SCV  
  16  0:43  Barracks  
  16  0:47  Refinery  
  16  0:55  SCV  
  17  1:32  Marine  
  18  1:38  Supply Depot  
  18  1:59  Marine  
  19  2:04  SCV  
  20  2:16  SCV  
  20  2:28  Barracks  
  20  2:32  Barracks Reactor  
  18  3:11  Marine x2  
  20  3:16  SCV  
  20  3:17  Factory  
  21  3:20  Barracks Reactor  
  21  3:24  Bunker  
  20  3:28  SCV  
  19  3:52  Barracks Reactor  
  19  3:57  Barracks Tech Lab  
  19  4:00  Factory Tech Lab  
  19  4:11  Bunker  
  19  4:27  Supply Depot  
  19  4:45  Supply Depot  
  19  4:48  Marine x2  
  19  4:49  Marauder  
  19  4:51  Supply Depot  
  23  5:05  Factory  
  23  5:06  Siege Tank  
  26  5:08  Supply Depot  
  26  5:31  Supply Depot  
  26  5:49  Siege Tank  
  27  6:07  Marine x2  
  27  6:08  Marine  
  30  6:26  Marine  
  31  6:48  Marine x2  
  31  6:49  Marine  
  34  7:07  Marauder  
  36  7:23  Refinery, SCV  
  36  7:28  Marauder  
  39  7:35  SCV  
  40  7:46  Bunker  
  40  8:02  Command Center  
  40  8:12  Factory Tech Lab  
  40  8:15  Marine  
  40  8:16  Marine x2  
  40  8:18  Stimpack  
  43  8:31  Supply Depot  
  45  8:34  Marauder  
  45  8:42  Marine  
  45  8:43  Marine  
  47  8:51  Engineering Bay  
  47  8:52  SCV  
  50  8:55  Marauder  
  50  9:04  SCV  
  51  9:16  Supply Depot  
  51  9:27  Starport  
  51  9:38  Barracks  
  51  9:49  SCV  
  52  10:01  SCV  
  53  10:27  Barracks Reactor  
  53  10:28  Marine x3  
  54  10:31  Combat Shield  
  56  10:36  Starport Reactor  
  55  10:47  Marauder  
  52  11:24  Missile Turret  
  52  11:29  SCV  
  52  11:30  SCV  
  52  11:32  Missile Turret  
  54  11:50  Orbital Command  
  54  11:51  SCV  
  55  12:07  Marine x3  
  58  12:23  Orbital Command  
  58  12:27  Marine  
  58  12:29  Marine  
  60  12:31  Marine  
  61  12:51  Marine x2  
  61  12:52  Marine x2  
  61  12:57  SCV  
  66  13:02  Missile Turret  
  66  13:18  Medivac x2  
  70  13:21  Missile Turret  
  70  13:29  Marine x3  
  73  13:43  Missile Turret  
  73  13:48  SCV  
  74  13:49  SCV  
  75  14:00  SCV  
  75  14:01  SCV  
  77  14:22  Fusion Core  
  77  14:23  SCV x2  
  79  14:28  Command Center  
  79  14:30  Refinery  
  79  14:32  Refinery  
  79  14:34  Marine x4  
  83  14:42  Supply Depot  
  83  14:43  Supply Depot  
  83  14:46  Supply Depot  
  83  14:53  Supply Depot  
  83  15:39  Marine x5  
  88  15:56  Marine  
  88  15:58  Marauder  
  46  16:14  Marine x3  
  46  16:15  Marine  
  50  16:18  Marine  
  51  16:26  Missile Turret  
  51  16:32  Marine x2  
  53  16:35  Marine x2  
  53  16:36  Marine  
  53  16:38  Cyclone x2  
  62  16:50  Marine x2  
  62  16:53  Marine x2  
  66  17:00  Missile Turret  
  66  17:01  Marine  
  66  17:08  Marine x2  
  69  17:11  Marine x2  
  71  17:19  Marine  
  72  17:26  Marine  
  72  17:28  Marine  
Show
View Real Time Build Order
Export as new Build Order

dragonbreath Protoss - Winner!

Build Orders:  

Get SALT Encoding   

  1  0:00  Probe  
  12  0:06  Probe  
  14  0:15  Probe  
  15  0:23  Pylon  
  15  0:41  Probe  
  15  0:42  Forge  
  16  0:53  Probe  
  17  1:04  Pylon  
  17  1:05  Probe  
  18  1:24  Assimilator  
  18  1:50  Photon Cannon  
  18  1:52  Photon Cannon  
  18  2:04  Pylon  
  18  2:18  Pylon  
  17  2:26  Photon Cannon  
  17  2:55  Photon Cannon  
  17  3:05  Photon Cannon x2  
  16  3:40  Probe  
  17  3:47  Gateway  
  17  3:49  Gateway  
  17  3:50  Probe  
  18  3:58  Probe  
  18  4:02  Assimilator  
  19  4:06  Probe  
  19  4:07  Assimilator  
  20  4:17  Probe  
  20  4:18  Nexus  
  21  4:25  Probe  
  22  4:33  Probe  
  23  4:45  Probe  
  24  4:53  Pylon  
  24  4:57  Probe  
  25  5:14  Photon Cannon  
  25  5:15  Photon Cannon  
  25  5:17  Photon Cannon  
  24  5:55  Probe  
  24  6:03  Probe  
  25  6:08  Pylon  
  25  6:10  Pylon  
  26  6:12  Probe  
  26  6:13  Pylon  
  26  6:16  Cybernetics Core  
  27  6:24  Probe  
  28  6:32  Assimilator  
  28  6:35  Assimilator  
  28  6:36  Probe  
  29  6:41  Nexus  
  29  6:43  Gateway x2  
  29  6:48  Probe  
  30  6:56  Stargate  
  30  6:58  Probe  
  30  6:59  Stargate  
  31  7:01  Stargate  
  31  7:05  Probe  
  31  7:06  Probe  
  32  7:13  Probe  
  32  7:15  Probe  
  33  7:22  Probe  
  35  7:23  Assimilator  
  35  7:27  Probe, Assimilator  
  37  7:33  Stalker  
  37  7:34  Stalker x2, Probe  
  37  7:35  Zealot  
  46  7:39  Probe  
  47  7:46  Probe  
  48  7:59  Nexus  
  48  8:03  Probe, Assimilator  
  48  8:06  Assimilator  
  48  8:11  Probe  
  50  8:20  Probe, Oracle x2  
  57  8:33  Probe x2  
  58  8:41  Probe  
  59  8:45  Probe, Pylon  
  59  8:46  Pylon  
  59  8:48  Pylon  
  61  8:50  Probe  
  61  8:51  Void Ray  
  66  8:59  Probe  
  66  9:02  Probe  
  68  9:07  Probe  
  68  9:08  Probe  
  68  9:14  Probe  
  68  9:16  Probe  
  71  9:17  Probe  
  73  9:25  Probe  
  73  9:29  Probe  
  75  9:38  Probe  
  76  9:41  Probe  
  76  9:45  Void Ray x3  
  81  9:50  Probe  
  90  9:53  Probe  
  91  10:01  Robotics Facility  
  91  10:05  Probe, Fleet Beacon  
  92  10:08  Twilight Council  
  92  10:15  Stargate  
  92  10:28  Void Ray  
  96  10:34  Protoss Air Weapons Level 1  
  96  11:03  Tempest x3  
  111  11:11  Void Ray  
  115  11:19  Probe  
  116  11:49  Photon Cannon  
  116  11:51  Photon Cannon  
  116  11:52  Photon Cannon  
  116  11:53  Photon Cannon  
  116  11:55  Photon Cannon  
  116  11:56  Photon Cannon  
  116  12:06  Pylon  
  116  12:08  Pylon  
  116  12:10  Pylon  
  116  12:12  Pylon  
  116  12:16  Pylon  
  116  12:23  Pylon  
  116  12:24  Void Ray x2, Pylon  
  116  12:26  Stalker, Probe, Tempest, Pylon  
  116  12:28  Stalker x2, Void Ray  
  116  12:29  Protoss Ground Weapons Level 1  
  140  12:30  Stalker  
  140  12:32  Protoss Air Armor Level 1  
  142  12:38  Probe  
  143  12:48  Probe  
  143  12:56  Stalker, Probe  
  143  12:58  Stalker  
  147  13:00  Stalker  
  147  13:05  Probe  
  150  13:11  Void Ray  
  150  13:12  Void Ray x3  
  167  13:17  Probe  
  168  13:29  Probe  
  169  13:34  Pylon  
  169  13:36  Pylon  
  169  13:38  Pylon  
  169  13:54  Void Ray x3  
  169  13:55  Void Ray  
  185  13:57  Nexus  
  185  13:59  Assimilator  
  185  14:00  Assimilator  
  185  14:09  Robotics Bay  
  185  14:11  Dark Shrine  
  185  14:27  Protoss Ground Armor Level 1  
  185  14:34  Protoss Air Weapons Level 2  
  185  14:56  Gravitic Drive  
  185  15:09  Observer  
  183  15:30  Observer  
  183  15:33  Dark Templar x4  
  185  15:53  Gravitic Boosters  
  171  16:12  Dark Templar x2  
  171  16:13  Dark Templar x2  
  179  16:25  Assimilator  
  179  16:38  Void Ray x4  
  195  16:51  Dark Templar  
  195  16:52  Dark Templar  
Tags
 
Add a new tag
Caveats
  • Supply blocks, unpowered buildings, or Contaminate may cause inaccurate times.
  • Supply counts are checked every 10 seconds.